 Dungeon Crawl Stone Soup version 0.18-a0-62-gc15d2f0 (webtiles) character file.

5949 JudasIscariot the Nimble (level 11, -2/67 HPs)
             Began as a Kobold Berserker on Nov 9, 2015.
             Was an Elder of Trog.
             Slain by Duffy's ghost (21 damage)
             ... on level 1 of the Lair of Beasts.
             The game lasted 00:44:30 (10330 turns).

JudasIscariot the Nimble (Kobold Berserker)        Turns: 10330, Time: 00:44:30

Health: -2/67      AC: 10    Str: 16    XL:     11   Next: 9%
Magic:  0/11       EV: 25    Int:  5    God:    Trog [****..]
Gold:   265        SH:  0    Dex: 19    Spells: 0 memorised, 10 levels left

rFire  . . .     SeeInvis .     H - +3 short sword (drain)
rCold  . . .     Clarity  .     j - +0 leather armour
rNeg   . . .     SustAt   .     (shield restricted)
rPois  .         Gourm    .     (no helmet)
rElec  .         Spirit   +     b - +0 cloak
rCorr  .         Warding  .     F - +0 pair of gloves
rMut   .         Stasis   .     l - +0 pair of boots
MR     +....                    P - amulet of guardian spirit
Stlth  +++++.....               w - ring of protection from magic
                                k - +4 ring of protection

@: very slightly contaminated, somewhat resistant to hostile enchantments, quite
stealthy
A: breathe flames 1, carnivore 3, evolution 1, no device heal 1
a: Berserk, Trog's Hand, Brothers in Arms, Burn Spellbooks, Renounce Religion,
Breathe Fire


You were on level 1 of the Lair of Beasts.
You worshipped Trog.
Trog was greatly pleased with you.
You were very full.

You visited 2 branches of the dungeon, and saw 10 of its levels.

You collected 405 gold pieces.
You spent 140 gold pieces at shops.

Inventory:

Hand Weapons
 a - a +0 short sword
 q - a +2 dagger of venom
 t - a +1 dagger of electrocution
 E - a +1 dagger of draining
 H - a +3 short sword of draining (weapon)
 J - a +1 scimitar of flaming
 N - a +1 dagger of speed
Missiles
 f - 3 needles of frenzy
 I - 8 needles of confusion
 V - 20 poisoned needles
Armour
 b - a +0 cloak (worn)
 j - a +0 leather armour (worn)
 l - a +0 pair of boots (worn)
 F - a +0 pair of gloves (worn)
Jewellery
 k - a +4 ring of protection (left hand)
 w - a ring of protection from magic (right hand)
 P - an amulet of guardian spirit (around neck)
Wands
 D - a wand of teleportation (0)
 L - a wand of magic darts (24)
 R - a wand of slowing (16)
 U - a wand of disintegration (18)
 Y - a wand of fire (11)
Scrolls
 g - a scroll of teleportation {unknown}
 i - a scroll of enchant armour
 m - 6 scrolls of remove curse
 o - 2 scrolls of enchant weapon
 s - a scroll of immolation {unknown}
 u - a scroll of magic mapping {unknown}
 z - a scroll of acquirement {unknown}
 A - a scroll of blinking {unknown}
 K - a scroll of noise {unknown}
 Q - a scroll of recharging {unknown}
 T - a scroll of fear {unknown}
 W - a scroll of fog {unknown}
 X - a scroll of summoning {unknown}
Potions
 d - 4 potions of curing
 e - a potion of brilliance
 p - 2 potions of magic
 r - a potion of cancellation
 x - 5 potions of agility
 C - a potion of flight {unknown}
 G - a potion of invisibility {unknown}
 M - 2 potions of ambrosia {unknown}
 O - a potion of degeneration {unknown}
Comestibles
 c - 3 meat rations
 h - 2 slices of pizza
 n - 4 beef jerkies
 B - 3 royal jellies
 S - 6 chunks of flesh


   Skills:
 * Level 7.5 Fighting
 * Level 9.9 Short Blades
 + Level 2.5 Throwing
 + Level 3.6 Armour
 * Level 12.0 Dodging
 * Level 9.2 Stealth
 + Level 0.2 Evocations


You had 10 spell levels left.
You didn't know any spells.

Dungeon Overview and Level Annotations

Branches:
Dungeon (9/15)             Temple (0/1) D:6            Lair (1/8) D:8
    Orc (0/4) D:9

Altars:
Elyvilon
Fedhas
Kikubaaqudgha
Ru
Yredelemnul
The Shining One

Shops:
D:5 *

Annotations:
Lair:1 Duffy's ghost, journeyman NaAr


Innate Abilities, Weirdness & Mutations

You are small and have problems with some larger weapons.
You are carnivorous and can eat meat at any time.
You can breathe flames.
You evolve.
Potions and wands are less effective at restoring your health.


Message History

Your skin stops crawling.
You feel less resistant to hostile enchantments.
Duffy's ghost completely misses you.
You hit Duffy's ghost but do no damage.
Duffy's ghost is almost destroyed.
You hit Duffy's ghost.
Duffy's ghost is almost destroyed.
Duffy's ghost misses you.
You hit Duffy's ghost but do no damage.
Duffy's ghost is almost destroyed.
You hit Duffy's ghost but do no damage.
Duffy's ghost is almost destroyed.
Duffy's ghost hits you!
* * * LOW HITPOINT WARNING * * *
Duffy's ghost freezes you.
* * * LOW HITPOINT WARNING * * *
You hit Duffy's ghost.
Duffy's ghost is almost destroyed.
Duffy's ghost hits you!!
You die...

...............#
...............####
..................## #.
...................# ##...
...................## .....#
....................####.....#
......................#.....#
...........................#
................@W........#
.........#####......(....##
..........# ###..........#
.........## #.......(...#
.<........# ##..........# ##
.........## ##..........##P#
..........# ##..........(...#
(.........# #............(..#
#........##
#......###.......##


You could see Duffy's ghost.

Vanquished Creatures
  Erica (D:9)
  Maurice (D:8)
  Pikel (D:7)
  A two-headed ogre (D:9)
  4 yaks (D:9)
  2 hippogriffs (D:9)
  A sky beast (D:5)
  A water moccasin (D:5)
  A black bear (D:6)
  An orc warrior (D:8)
  2 ice beasts (D:5)
  4 centaurs
  A big kobold (D:8)
  3 ogres
  A wyvern zombie (D:8)
  3 giant frogs
  4 scorpions
  5 killer bees (D:8)
  A giant frog zombie (D:8)
  3 orc priests
  3 crimson imps (D:8)
  A gnoll shaman (D:4)
  A jelly (D:9)
  Crazy Yiuf (D:3)
  3 hounds
  A centaur skeleton (D:8)
  13 orc wizards
  Terence (D:3)
  4 iguanas
  2 giant frog skeletons
  5 worker ants
  2 hound skeletons
  11 gnolls
  2 worker ant zombies
  14 adders
  3 shadow imps
  2 oozes
  An adder zombie (D:9)
  3 adder skeletons
  4 worms
  12 giant geckos
  38 orcs
  A ball python (D:3)
  3 giant cockroaches
  14 goblins
  7 hobgoblins
  12 jackals
  9 kobolds
  5 quokkas
  7 bats
  7 giant newts
  A quokka skeleton (D:9)
  4 rats
238 creatures vanquished.

Vanquished Creatures (others)
  A slave (D:8)
  A scorpion (D:8)
  2 hounds (D:7)
  A quasit (D:7)
  A giant gecko (D:8)
6 creatures vanquished.

Grand Total: 244 creatures vanquished

Notes
Turn   | Place    | Note
--------------------------------------------------------------
     0 | D:1      | JudasIscariot the Kobold Berserker began the quest for the Orb.
     0 | D:1      | Reached XP level 1. HP: 14/14 MP: 1/1
    92 | D:1      | Reached XP level 2. HP: 5/19 MP: 2/2
    95 | D:1      | HP: 1/28 [kobold/dagger (3)]
   651 | D:1      | Reached XP level 3. HP: 19/23 MP: 3/3
  1037 | D:2      | Reached ** piety under Trog
  1304 | D:2      | Reached skill level 5 in Short Blades
  1304 | D:2      | Reached XP level 4. HP: 24/28 MP: 4/4
  1310 | D:2      | Reached skill level 1 in Stealth
  1369 | D:2      | Found a sacrificial altar of Ru.
  1481 | D:2      | Reached XP level 5. HP: 26/33 MP: 5/5
  1694 | D:2      | Found a blossoming altar of Fedhas.
  2073 | D:3      | Noticed Crazy Yiuf
  2085 | D:3      | Killed Crazy Yiuf
  2161 | D:3      | Noticed Terence
  2182 | D:3      | Killed Terence
  2182 | D:3      | Reached XP level 6. HP: 38/38 MP: 6/6
  2278 | D:3      | Reached *** piety under Trog
  2395 | D:3      | Reached skill level 5 in Dodging
  3011 | D:4      | Found a white marble altar of Elyvilon.
  3077 | D:4      | Reached XP level 7. HP: 27/44 MP: 7/7
  3210 | D:4      | Reached skill level 6 in Short Blades
  3216 | D:4      | Reached skill level 5 in Fighting
  3416 | D:4      | Reached **** piety under Trog
  3690 | D:5      | Entered Level 5 of the Dungeon
  3753 | D:5      | Reached XP level 8. HP: 41/49 MP: 8/8
  4142 | D:5      | Reached skill level 7 in Dodging
  4197 | D:5      | Reached skill level 5 in Stealth
  4414 | D:5      | Found Bumiuttioso's Serpentskin Sales.
  4426 | D:5      | Bought 7 poisoned tomahawks for 98 gold pieces
  4426 | D:5      | Bought 2 poisoned tomahawks for 28 gold pieces
  4719 | D:5      | Reached XP level 9. HP: 19/55 MP: 9/9
  5015 | D:5      | Reached skill level 8 in Dodging
  5088 | D:5      | Bought a potion of poison for 14 gold pieces
  5339 | D:6      | Found a staircase to the Ecumenical Temple.
  5696 | D:6      | Reached skill level 1 in Throwing
  5698 | D:6      | Reached skill level 9 in Dodging
  5863 | D:6      | Received a gift from Trog
  6627 | D:7      | Noticed Pikel
  6688 | D:7      | Killed Pikel
  7498 | D:8      | Found a staircase to the Lair.
  7508 | D:8      | Received a gift from Trog
  7560 | D:8      | Reached skill level 10 in Dodging
  7660 | D:8      | Noticed Maurice
  7766 | D:8      | Reached XP level 10. HP: 46/60 MP: 10/10
  7799 | D:8      | Killed Maurice
  8001 | D:8      | Reached skill level 11 in Dodging
  8478 | D:8      | Reached ***** piety under Trog
  8544 | D:9      | Found an ancient bone altar of Kikubaaqudgha.
  8624 | D:9      | Found a staircase to the Orcish Mines.
  8738 | D:9      | Found a basalt altar of Yredelemnul.
  8744 | D:9      | Found a glowing golden altar of the Shining One.
  8746 | D:9      | Noticed an angel
  8818 | D:9      | Noticed Erica
  9316 | D:9      | Received a gift from Trog
  9624 | D:9      | Gained mutation: You can breathe flames. [potion of beneficial mutation]
  9625 | D:9      | Gained mutation: You evolve. [potion of beneficial mutation]
  9735 | D:9      | Killed Erica
  9735 | D:9      | Reached XP level 11. HP: 67/67 MP: 11/11
 10012 | D:9      | Reached skill level 12 in Dodging
 10039 | D:9      | Found an ancient bone altar of Kikubaaqudgha.
 10192 | D:8      | Gained mutation: Potions and wands are less effective at restoring your health. [evolution]
 10199 | Lair:1   | Entered Level 1 of the Lair of Beasts
 10259 | Lair:1   | Noticed Duffy's ghost (journeyman NaAr)
 10330 | Lair:1   | Slain by Duffy's ghost

Vault maps used:
D:1:      lightli_arrival_chessboard
D:2:      nicolae_ru_path_of_blood, fedhas_altar_fruit_tree, minivault_14
D:3:      uniq_crazy_yiuf_cottage, uniq_terence
D:4:      first_bread, elyvilon_altar_1
D:5:      guppyfry_shop_venom
D:6:      black_bear_nest_1, minmay_temple_entry_statues_pillars
D:7:      lemuel_ice_spiral_2, uniq_pikel
D:8:      lair_0_dummy, blue_anna_alchemist, uniq_maurice
D:9:      grunt_temple_overflow_holy_war, lemuel_zombie_altar_kikubaaqudgha,
          orc_0_dummy, basic_altar, uniq_erica
Lair:1:   uniq_urug

Action                   |  1- 3 |  4- 6 |  7- 9 | 10-12 || total
-------------------------+-------+-------+-------+-------++-------
Melee: Short sword       |   137 |   214 |       |    41 ||   392
       Dagger            |       |    79 |   537 |   305 ||   921
Throw: Tomahawk          |       |       |    26 |    17 ||    43
Invok: Berserk           |     1 |     1 |     1 |     1 ||     4
       Burn Spellbooks   |       |       |     1 |     1 ||     2
       Trog's Hand       |       |       |       |     1 ||     1
       Brothers in Arms  |       |       |       |     1 ||     1
 Abil: Breathe Fire      |       |       |       |     3 ||     3
Evoke: Wand              |       |       |       |     1 ||     1
  Use: Scroll            |       |       |     8 |     3 ||    11
       Potion            |       |       |       |     7 ||     7
 Stab: Sleeping          |     2 |     4 |    12 |    11 ||    29
  Eat: Chunk             |    11 |     7 |    15 |    10 ||    43
